 Dungeon Crawl Stone Soup version 0.28.0-53-g5a82cb258f (webtiles) character file.

Game seed: 5410137851685868285

483 DocClef the Chopper (level 6, 0/56 HPs)
             Began as a Draconian Fighter on June 15, 2022.
             Slain by an orc priest
             ... wielding a +0 short sword
              (2 damage)
             ... on level 4 of the Dungeon.
             The game lasted 00:04:58 (4454 turns).

DocClef the Chopper (Draconian Fighter)             Turns: 4454, Time: 00:04:58

Health: 0/56       AC:  7    Str: 20    XL:     6   Next: 87%
Magic:  6/6        EV: 12    Int:  9    God:
Gold:   112        SH:  4    Dex: 10    Spells: 5/5 levels left

rFire   . . .      SeeInvis .   a - +0 war axe
rCold   . . .      Faith    .   b - +0 buckler
rNeg    . . .      Spirit   .   (armour unavailable)
rPois   .          Reflect  .   (helmet restricted)
rElec   .          Harm     .   (no cloak)
rCorr   .          Rampage  .   (no gloves)
Will    .....                   g - +0 pair of boots
Stlth   +.........              (no amulet)
HPRegen 0.18/turn               (no ring)
MPRegen 0.10/turn               (no ring)

@: no status effects
A: AC +6, unfitting armour, cold-blooded
a: no special abilities


You were on level 4 of the Dungeon.
You visited 1 branch of the dungeon, and saw 4 of its levels.

You collected 112 gold pieces.

Inventory:

Hand Weapons
 a - a +0 war axe (weapon)
Armour
 b - a +0 buckler (worn)
 g - a +0 pair of boots (worn)
Wands
 o - a wand of mindburst (9)
Scrolls
 d - 3 scrolls of fog {unknown}
 f - a scroll of teleportation {unknown}
 i - 3 scrolls of identify {unknown}
 j - a scroll of blinking {unknown}
 l - a scroll of fear {unknown}
 m - a scroll of vulnerability {unknown}
 n - a scroll of immolation {unknown}
Potions
 c - 2 potions of might
 e - 2 potions of curing {unknown}
 h - a potion of magic {unknown}
 k - a potion of lignification {unknown}
 p - a potion of attraction {unknown}
 q - a potion of flight {unknown}


   Skills:
 + Level 5.1 Fighting
 + Level 6.2 Axes
 - Level 3.1 Dodging
 - Level 0.3 Stealth
 - Level 3.0 Shields


You had 5 spell levels left.
You didn't know any spells.
Your spell library contained the following spells:

 Spells                   Type           Power      Damage    Failure   Level
 Sandblast                Erth           0%         2d4       47%         1
 Slow                     Hex            0%         N/A       47%         1
 Passwall                 Tmut/Erth      0%         N/A       63%         2
 Dazzling Flash           Conj/Hex       0%         N/A       85%         3
 Stone Arrow              Conj/Erth      0%         3d7       85%         3
 Leda's Liquefaction      Hex/Erth       0%         N/A       99%         4
 Blade Hands              Tmut           0%         N/A       100%        5
 Irradiate                Conj/Tmut      0%         3d13      100%        5
 Silence                  Hex/Air        0%         N/A       100%        5
 Summon Forest            Summ/Tloc      0%         N/A       100%        5
 Summon Mana Viper        Hex/Summ       0%         N/A       100%        5
 Summon Cactus Giant      Summ           0%         N/A       100%        6
 Dragon Form              Tmut           0%         N/A       100%        7
 Animate Armour           Summ/Erth      Unusable   N/A       N/A         4

Dungeon Overview and Level Annotations

Branches:
Dungeon (4/15)
 Temple: D:4-7

Altars:
The Shining One


Innate Abilities, Weirdness & Mutations

Your plain brown scales are hard. (AC +6)
You cannot fit into any form of body armour.
You are cold-blooded and may be slowed by cold attacks.


Message History

The orc priest hits you with a +0 short sword.
The hound bites you.
You barely miss the hound.
The hound is moderately wounded.
You hit the orc priest but do no damage.
The hound bites you.
* * * LOW HITPOINT WARNING * * *
The orc priest closely misses you. The hound bites you.
* * * LOW HITPOINT WARNING * * *
The orc priest hits you but does no damage.
You hit the orc priest but do no damage.
You hit the hound but do no damage. The hound barely misses you.
You block the orc priest's attack. The hound bites you but does no damage.
Unknown command.
You completely miss the orc priest.
You tail-slap the orc priest, but do no damage.
You hit the hound. The hound closely misses you.
The orc priest closely misses you. The hound bites you.
* * * LOW HITPOINT WARNING * * *
Unknown command.
You hit the orc priest but do no damage.
Your tail-slap misses the orc priest.
You closely miss the hound. The hound bites you but does no damage.
The orc priest hits you with a +0 short sword.
* * * LOW HITPOINT WARNING * * *
Unknown command.
You hit the orc priest but do no damage.
You barely miss the hound. The hound bites you.
* * * LOW HITPOINT WARNING * * *
The orc priest misses you. You block the hound's attack.
Unknown command.
You hit the orc priest but do no damage.
You slash the hound! The hound misses you.
The orc priest hits you but does no damage.
The hound bites you but does no damage. The orc priest misses you.
Unknown command.
You barely miss the orc priest. You hit the hound but do no damage.
The hound bites you but does no damage.
The orc priest hits you with a +0 short sword.
You die...

........#.....#............
..
.........#.........#.)...#..
.
######...#[........##...##..
#...#.........#.... ..
####.....#...... ###..###..#
##.....## ##.......#..
#...@o...... ###h))..#...
##...## .. [....# . .......
.......#. #.....## . #.###..


You could see a hound and an orc priest.

Vanquished Creatures
  An ogre (D:4)
  A scorpion (D:4)
  2 orc priests
  Jessica (D:2)
  An iguana (D:3)
  Natasha (twice) (D:3)
  An orc wizard (D:4)
  A gnoll (D:1)
  4 adders
  2 worms (D:3)
  3 dart slugs
  18 orcs
  7 ball pythons
  3 bats
  6 endoplasms
  4 giant cockroaches
  3 goblins (D:2)
  9 hobgoblins
  6 kobolds
  4 quokkas
  4 frilled lizards
  4 rats
87 creatures vanquished.

Vanquished Creatures (others)
  2 fungi (D:3)
  4 plants (D:3)
6 creatures vanquished.

Grand Total: 93 creatures vanquished

Notes
Turn   | Place    | Note
-------+----------+-------------------------------------------
     0 | D:1      | DocClef the Draconian Fighter began the quest for the Orb.
     0 | D:1      | Reached XP level 1. HP: 19/19 MP: 1/1
   228 | D:1      | Reached XP level 2. HP: 15/27 MP: 2/2
  1115 | D:2      | Reached XP level 3. HP: 28/33 MP: 3/3
  1419 | D:2      | Noticed Jessica
  1428 | D:2      | Killed Jessica
  1429 | D:2      | Reached skill level 3 in Axes
  1433 | D:2      | Reached XP level 4. HP: 23/40 MP: 4/4
  2405 | D:3      | Reached skill level 4 in Axes
  2426 | D:3      | Reached XP level 5. HP: 32/46 MP: 5/5
  2657 | D:3      | Got the Handbook of Entrancing Stones
  2723 | D:3      | Found a faded altar of an unknown god.
  2967 | D:3      | HP: 2/47 [orc/+0 trident (7)]
  3661 | D:3      | Noticed Natasha
  3670 | D:3      | Killed Natasha
  3795 | D:3      | Noticed Natasha
  3803 | D:3      | Killed Natasha
  3804 | D:3      | Reached skill level 5 in Axes
  3868 | D:4      | Reached XP level 6. HP: 46/53 MP: 6/6
  4156 | D:4      | Reached skill level 5 in Fighting
  4164 | D:4      | Reached skill level 6 in Axes
  4411 | D:4      | Found a glowing golden altar of the Shining One.
  4452 | D:4      | HP: 1/56 [hound (3)]
  4454 | D:4      | Slain by an orc priest

Illustrated notes

Levels and vault maps discovered:
D:1:      lightli_arrival_statuegarden, layout_loops_corners, patterned_corridor
D:2:      layout_basic, serial_corexii_hall, corexii_hall_statues_s,
          chequers_hall_statues_wall_a, chequers_hall_statues_wall_a,
          chequers_hall_statues_y, moated_statue,
          nicolae_elevator_lobby_asterisk, uniq_jessica
D:3:      layout_loops_ring, shapermc_ecumenical_altar_ellora, uniq_natasha
D:4:      nicolae_cairo_tiling_large_dashed, layout_basic,
          amcnicky_altar_gilded, mainiacjoe_overflow_tiny_flanked

Skill      XL: |  1  2  3  4  5  6 |
---------------+-------------------+-----
Dodging        | 3 |  3.1
Fighting       | 4 5 |  5.1
Axes           | 3 4 5 6 |  6.2
Stealth        | |  0.3
Shields        | |  3.0

Action                   |  1- 3 |  4- 6 || total
-------------------------+-------+-------++-------
Melee: War axe           |    75 |   205 ||   280
       Tailslap          |     6 |    27 ||    33
 Stab: Sleeping          |     1 |     4 ||     5
Armor: Skin              |    24 |    75 ||    99
Dodge: Dodged            |    36 |   134 ||   170
Block: Buckler           |    14 |    43 ||    57
